 Seeded DCSS version 0.30.1-11-g7821555f0a (webtiles) character file.

Game seed: 5 (custom seed)

224322 Kazon the Victor of a Thousand Battles (level 19, 0/116 HPs)
             Began as a Gargoyle Gladiator on Nov 28, 2023.
             Was the Champion of Okawaru.
             Killed from afar by a bog body (14 damage)
             ... with a bolt of cold
             ... on level 4 of the Swamp on Nov 30, 2023.
             The game lasted 03:47:17 (28325 turns).

Kazon the Victor of a Thousand Battles (GrGl)      Turns: 28325, Time: 03:47:17

Health: 0/116      AC: 36    Str: 28    XL:     19   Next: 29%
Magic:  39/39      EV: 14    Int: 10    God:    Okawaru [******]
Gold:   2604       SH: 14    Dex: 11    Spells: 18/18 levels left

rFire   . . .        f - +10 broad axe of the Endless March {flame, MP+9}
rCold   . . .        c - +2 kite shield {reflect}
rNeg    + . .        Z - +4 troll leather armour {Snorg}
rPois   ∞            a - +2 helmet
rElec   +            t - +2 cloak of the Thief {*Fog Slay-2 SInv Stlth+}
rCorr   .            s - +2 pair of gloves {Str+3}
SInv    +            y - +2 pair of boots {rampage}
Will    +....        E - amulet of regeneration
Stlth   +++          p - +4 ring of slaying
HPRegen 1.99/turn    r - ring of the Tortoise {AC+8}
MPRegen 0.26/turn

%: reflection, rampage
@: about to teleport, corroded, flying
A: sickness immunity, AC +14, big wings, negative energy resistance 1,
electricity resistance, torment resistance 1, petrification resistance
}: 1/15 runes: serpentine
a: Renounce Religion, Heroism, Finesse, Duel


You were on level 4 of the Swamp.
You worshipped Okawaru.
Okawaru was exalted by your worship.
You visited 6 branches of the dungeon, and saw 31 of its levels.
You also visited: Ossuary, Gauntlet and Ice Cave.

You collected 3659 gold pieces.
You spent 1055 gold pieces at shops.

Inventory:

Hand Weapons
 f - the +10 broad axe of the Endless March (weapon) {flame, MP+9}
   (Okawaru gifted it to you on level 4 of the Snake Pit)

   MP:        It affects your magic capacity (+9).
 h - the +10 zealot's sword {holy, Zealotry, *Rage rN+ EV+3}
   (You found it on level 3 of the Lair of Beasts)

   Zealotry:  Whenever the wielder enters a berserk rage, their allies are
   berserked alongside them.
   EV:        It affects your evasion (+3).
   rN:        It protects you from negative energy.
   *Rage:     It berserks you when you make melee attacks (+20% chance).
 q - a +4 demon whip of venom
 v - a +3 vampiric war axe
Missiles
 d - 5 throwing nets
 k - 22 boomerangs
 A - 7 javelins
 D - 11 poisoned darts (quivered)
 N - 4 curare-tipped darts
 P - 6 atropa-tipped darts
 V - 2 datura-tipped darts
Armour
 a - a +2 helmet (worn)
 b - a scarf of resistance
 c - a +2 kite shield of reflection (worn)
 s - a +2 pair of gloves of strength (worn)
 t - the +2 cloak of the Thief (worn) {*Fog Slay-2 SInv Stlth+}
   (You found it in a Gauntlet)

   *Fog:      It may release a thick cloud of smoke when the wearer is hurt.
   Slay:      It affects your accuracy & damage with ranged weapons and melee
   (-2).
   SInv:      It lets you see invisible.
   Stlth:     It makes you more stealthy.
 y - a +2 pair of boots of rampaging (worn)
 Z - a +4 troll leather armour (worn) {Snorg}
Jewellery
 i - a ring of protection from cold
 p - a +4 ring of slaying (left hand)
 r - the ring of the Tortoise (right hand) {AC+8}
   (You found it in an ice cave)

   [ring of protection]

   AC:        It affects your AC (+8).
 x - a ring of resist corrosion
 E - an amulet of regeneration (around neck)
 M - a ring of protection from cold
 O - a ring of protection from fire
 W - a ring of protection from fire
Wands
 e - a wand of digging (7)
 o - a wand of mindburst (23)
 u - a wand of flame (11)
 z - a wand of paralysis (21)
 R - a wand of light (26)
 S - a wand of polymorph (4)
 X - a wand of iceblast (25)
Scrolls
 n - 5 scrolls of blinking
 C - a scroll of silence
 G - a scroll of poison
 I - 3 scrolls of magic mapping
 J - 7 scrolls of fog
 K - 5 scrolls of fear
 U - 8 scrolls of teleportation
Potions
 g - 2 potions of cancellation
 j - 3 potions of lignification
 l - 12 potions of curing
 m - 4 potions of resistance
 w - 4 potions of invisibility
 B - 5 potions of heal wounds
 H - 4 potions of berserk rage
 L - 4 potions of haste
 Y - 3 potions of might
Miscellaneous
 F - a phial of floods
 Q - a tin of tremorstones (2/2)
 T - a lightning rod (4/4)


   Skills:
 + Level 12.1 Fighting
 + Level 1.4(4.8) Short Blades
 + Level 7.2(7.3) Long Blades
 + Level 13.5(14.3) Axes
 + Level 8.3(12.5) Maces & Flails
 + Level 8.0 Throwing
 + Level 6.2 Armour
 + Level 9.2 Dodging
 + Level 4.8 Stealth
 + Level 14.2 Shields
 * Level 15.3 Invocations
 * Level 13.0 Evocations


You had 18 spell levels left.
You didn't know any spells.
Your spell library contained the following spells:

 Spells                   Type           Power      Damage    Failure   Level
 Beastly Appendage        Tmut           0%         N/A       52%         1
 Foxfire                  Conj/Fire      0%         2x1d4     52%         1
 Necrotise                Necr           0%         1d4       52%         1
 Sting                    Tmut/Pois      0%         1d3       52%         1
 Blink                    Tloc           0%         N/A       67%         2
 Ensorcelled Hibernation  Hex/Ice        0%         N/A       67%         2
 Lesser Beckoning         Tloc           0%         N/A       67%         2
 Passwall                 Tmut/Erth      0%         N/A       67%         2
 Static Discharge         Conj/Air       0%         2-2/arc   67%         2
 Wereblood                Tmut           0%         N/A       67%         2
 Frozen Ramparts          Ice            0%         1d1       88%         3
 Hailstorm                Conj/Ice       0%         3d3       88%         3
 Ignite Poison            Fire/Tmut/Pois 0%         N/A       88%         3
 Spider Form              Tmut/Pois      0%         N/A       88%         3
 Swiftness                Air            0%         N/A       88%         3
 Vampiric Draining        Necr           0%         2d6       88%         3
 Airstrike                Air            0%         2d(0-16)  99%         4
 Cause Fear               Hex            0%         N/A       99%         4
 Ice Form                 Ice/Tmut       0%         N/A       99%         4
 Leda's Liquefaction      Hex/Erth       0%         N/A       99%         4
 Manifold Assault         Tloc           0%         N/A       99%         4
 Sticky Flame             Conj/Fire      0%         2d3       99%         4
 Agony                    Necr           0%         N/A       100%        5
 Alistair's Intoxication  Tmut/Pois      0%         N/A       100%        5
 Blade Hands              Tmut           0%         N/A       100%        5
 Borgnjor's Vile Clutch   Necr/Erth      0%         N/A       100%        5
 Fireball                 Conj/Fire      0%         3d3       100%        5
 Lee's Rapid Deconstruct  Erth           0%         3d4*      100%        5
 Conjure Ball Lightning   Conj/Air       0%         3x3d6     100%        6
 Eringya's Noxious Bog    Tmut/Pois      0%         N/A       100%        6
 Plasma Beam              Fire/Air       0%         2x1d11    100%        6
 Starburst                Conj/Fire      0%         6d3       100%        6
 Enfeeble                 Hex            0%         N/A       100%        7
 Storm Form               Tmut/Air       0%         N/A       100%        7
 Discord                  Hex            0%         N/A       100%        8
 Disjunction              Tloc           0%         N/A       100%        8
 Ignition                 Fire           0%         3d3       100%        8
 Summon Ice Beast         Ice/Summ       Unusable   N/A       N/A         4
 Summon Lightning Spire   Summ/Air       Unusable   N/A       N/A         4
 Summon Forest            Summ/Tloc      Unusable   N/A       N/A         5
 Simulacrum               Ice/Necr       Unusable   N/A       N/A         6
 Statue Form              Tmut/Erth      Unusable   N/A       N/A         6
 Malign Gateway           Summ/Tloc      Unusable   N/A       N/A         7
 Summon Hydra             Summ           Unusable   N/A       N/A         7

Dungeon Overview and Level Annotations

Branches:
Dungeon (15/15)            Temple (1/1) D:4            Lair (5/5) D:8
  Swamp (4/4) Lair:3        Snake (4/4) Lair:3        Slime (0/5) Lair:5
    Orc (2/2) D:11            Elf (0/3) Orc:2        Depths (0/4) D:15
Ossuary (visited)           IceCv (visited)         Gauntlet (visited)
 Vaults: D:13-14

Altars:
Ashenzari
Dithmenos
Fedhas
Gozag
Hepliaklqana
Okawaru
Qazlal
Ru
Sif Muna
Trog
Uskayaw
Wu Jian
Xom
Zin
The Shining One

Shops:
D:8 *   Orc:2 [(**   Snake:1 (![   Snake:4 ::=?

Annotations:
D:15 2 transporters, MuffinSoup's ghost, journeyman OpHW
Swamp:2 2 transporters, exclusion: orange crystal statue
Swamp:3 2 transporters, Zoplopp's ghost, journeyman MiBe
Snake:3 1 runed translucent door


Innate Abilities, Weirdness & Mutations

You are immune to sickness and miasma.
Your stone body is resilient. (AC +14)
You are immune to poison.
Your large and strong wings let you fly.
You resist negative energy. (rN+)
You are resistant to electric shocks. (rElec)
You are resistant to unholy torment.
You are immune to petrification.


Message History

The alligator zombie tail-slaps you but does no damage.
You slice the death drake!! You burn the death drake!
You kill the death drake!
Okawaru accepts your kill.
You hit the alligator zombie. You burn the alligator zombie.
You slice the alligator zombie!! You burn the alligator zombie!
You hit the bunyip. You burn the bunyip.
The bunyip howls a warning cry!
The alligator zombie bites you but does no damage.
You block the alligator zombie's attack.
The goliath frog hits you but does no damage.
The spriggan rider hits you from afar with a +0 spear.
The alligator zombie misses you.
The alligator zombie tail-slaps you but does no damage.
The bunyip claws you! The bunyip closely misses you.
The bunyip barely misses you.
You hear a shout!
As you read the scroll of teleportation, it crumbles to dust.
You feel strangely unstable. The goliath frog hits you from afar!!
* * * LOW HITPOINT WARNING * * *
The acid corrodes you!
You are splashed with acid.
* * * LOW HITPOINT WARNING * * *
You block the alligator zombie's attack. x2
The spriggan rider closely misses you.
The bog body is engulfed in freezing vapours.
The alligator zombie barely misses you.
The alligator zombie tail-slaps you but does no damage.
A swamp worm zombie comes into view.
You feel much better. The goliath frog hits you from afar.
* * * LOW HITPOINT WARNING * * *
You are splashed with acid!
* * * LOW HITPOINT WARNING * * *
The alligator zombie barely misses you.
You block the alligator zombie's attack.
The spriggan rider hits you from afar with a +0 spear!
* * * LOW HITPOINT WARNING * * *
The bog body casts a spell at you.
The bolt of cold hits the alligator zombie.
The alligator zombie resists.
The bolt of cold hits you!
You die...

~<. ♣♣♣. .♣ §~.~.
~§~~.§~~.~..~≈≈≈≈
.♣......
~§~~.~~~~.~~§≈≈.Z.
<.~~....
..~~§~~~.........♣
§~~§~~..
~§~~§~§~~.....Z~~~
§~§~~~~.
§§~~~~~~~nn~~~§~~~
~§~~~~~~
~~§~~§F§§§...~§~~
§♣♣♣~~~♣
.~.~~§§ZZn....♣ ♣♣ ♣♣♣♣
♣ix@§§~.~.♣♣♣ ♣
♣~..♣§§§§.~...~♣ ~.♣
♣♣♣♣♣~.~♣..~♣ ♣♣♣♣§♣ .♣
~. ♣~...♣ ♣!.. .~~~~.♣
♣♣~~~.♣ ♣♣..♣♣.~~~..♣
♣~~~~.♣
♣...♣~~~~..~♣♣♣♣♣♣...~♣
.§~..§~....♣
♣§♣~.~~~♣♣♣


You could see a bunyip (strong, catching breath), a spriggan rider, a goliath
frog (strong), 3 bog bodies, 2 alligator zombies and a swamp worm zombie.

Vanquished Creatures
  Nikola (Arena)
  Rupert (D:12)
  A tentacled monstrosity (Swamp:4)
  Frances (Swamp:1)
  2 thorn hunters
  The ghost of Gocli Elad the Warrior, a journeyman OgCA of Ignis (D:14)
  Kirke (Swamp:1)
  Donald (Snake:1)
  8 nagarajas
  2 fenstrider witches
  A white draconian (IceCv)
  3 bunyips (Swamp:2)
  A minotaur (Gauntlet)
  A dire elephant (Gauntlet)
  5 eleionomae
  Snorg (D:10)
  Josephine (Orc:1)
  A great orb of eyes (Gauntlet)
  A shambling mangrove (Swamp:2)
  2 ghost crabs
  A rakshasa (D:14)
  14 hydras
  5 ogre magi
  5 centaur warriors
  2 death knights
  12 two-headed ogres
  11 anacondas
  25 naga warriors
  A dancing weapon (D:14)
  5 boulder beetles
  9 alligators
  3 death yaks (Lair:2)
  3 tengu warriors
  15 naga sharpshooters
  8 shock serpents
  A skyshark (Lair:4)
  Amaemon (Lair:2)
  A fire crab (shapeshifter) (D:14)
  5 salamander mystics
  6 goliath frogs
  10 sea snakes (Snake:4)
  4 skeletal warriors
  A death drake (Swamp:4)
  3 swamp dragons
  A bog body (Swamp:2)
  5 spriggan druids
  A wizard (D:15)
  9 naga ritualists
  A necromancer (D:15)
  A phantasmal warrior (D:15)
  2 orc knights
  16 mana vipers
  2 orc sorcerers
  5 deep elf pyromancers
  13 ugly things
  3 manticores
  5 cyclopes
  2 will-o-the-wisps
  20 salamanders
  14 elephants
  Maurice (D:9)
  39 black mambas
  8 guardian serpents
  15 cane toads
  2 centaur skeletons (D:15)
  22 naga magi
  3 gargoyles
  An orange demon (Lair:2)
  An efreet (D:13)
  An unseen horror (D:10)
  10 komodo dragons
  4 rime drakes (IceCv)
  A freezing wraith (D:15)
  2 tengu conjurers
  4 trolls
  A harpy zombie (D:15)
  8 polar bears
  6 meliai
  2 meliai (shapeshifter)
  7 tyrant leeches
  A dream sheep (Lair:5)
  17 hornets
  5 blink frogs
  A slime creature (D:12)
  22 spriggans
  4 shadows
  Sigmund (D:4)
  3 vampires
  A water elemental (D:12)
  4 wraiths
  8 wyverns
  27 yaks
  7 basilisks
  A human (shapeshifter) (D:14)
  4 hogs (Swamp:1)
  A human (Swamp:1)
  3 steam dragons
  4 vampire mosquitoes
  12 swamp worms
  2 wargs
  59 nagas
  Duvessa (D:6)
  18 water moccasins
  A sky beast (shapeshifter) (D:15)
  2 swamp drakes
  An ice beast (D:8)
  7 orc warriors
  A sky beast (D:7)
  7 black bears
  46 wolves
  8 boggarts
  28 ogres
  A phantom (D:11)
  8 centaurs
  An elf zombie (Ossuary)
  2 kobold brigands
  12 bullfrogs
  A gnoll sergeant (D:8)
  3 scorpions
  A troll zombie (D:11)
  23 wights
  12 killer bees
  Dowan (D:6)
  4 lindwurm simulacra (IceCv)
  5 howler monkeys
  A vampire bat (D:7)
  3 electric eels
  3 komodo dragon simulacra (IceCv)
  6 hounds
  A wyvern simulacrum (D:8)
  2 centaur zombies
  18 orc priests
  3 human zombies (Ossuary)
  A jelly (D:5)
  6 iguanas
  18 orc wizards
  11 ogre zombies
  A centaur simulacrum (D:8)
  7 mummies (Ossuary)
  15 gnolls
  5 acid dragon simulacra (IceCv)
  9 adders
  A shadow imp (D:8)
  13 white imps
  2 ufetubi
  9 steam dragon simulacra (IceCv)
  A worm zombie (D:7)
  2 adder zombies (Ossuary)
  3 worms
  52 orcs
  12 bats
  9 endoplasms
  A giant cockroach (D:1)
  12 goblins
  7 hobgoblins
  11 jackals
  15 kobolds
  3 quokkas (D:4)
  6 ball pythons
  3 frilled lizards
  A goblin skeleton (D:11)
  7 goblin zombies
  2 hobgoblin skeletons (D:11)
  10 hobgoblin zombies
  3 kobold zombies
  15 orc zombies (D:11)
  4 quokka zombies (Ossuary)
  4 rats
  4 rat zombies (Ossuary)
1128 creatures vanquished.

Vanquished Creatures (others)
  An eldritch tentacle (Snake:4)
  A hydra (Swamp:2)
  A naga warrior (Snake:4)
  A sea snake (Snake:4)
  An unseen horror (shapeshifter) (D:12)
  An orc warrior (Orc:2)
  An orc wizard (D:6)
  An orc (D:15)
  7 foxfires
15 creatures vanquished.

Grand Total: 1143 creatures vanquished

Notes
Turn   | Place    | Note
-------+----------+-------------------------------------------
     0 | D:1      | Kazon the Gargoyle Gladiator began the quest for the Orb.
     0 | D:1      | Reached XP level 1. HP: 12/12 MP: 1/1
    49 | D:1      | Identified a scroll of acquirement
    49 | D:1      | Acquired a +2 pair of boots of rampaging
    67 | D:1      | Reached XP level 2. HP: 10/17 MP: 2/2
   359 | D:1      | Reached XP level 3. HP: 21/21 MP: 3/3
   840 | D:2      | Reached skill level 1 in Armour
  1096 | D:2      | Reached XP level 4. HP: 27/27 MP: 4/4
  1197 | D:2      | Reached skill level 1 in Stealth
  1710 | D:3      | Found a blossoming altar of Fedhas.
  1728 | D:3      | Reached XP level 5. HP: 31/31 MP: 5/5
  1852 | D:3      | Found a stormy altar of Qazlal.
  1960 | D:3      | Identified the +2 sling "Qeuhanocyt" {speed, rElec Str-3
                  | Dex+2}
  1978 | D:3      | Found a faded altar of an unknown god.
  2092 | D:4      | Found a staircase to the Ecumenical Temple.
  2100 | Temple   | Entered the Ecumenical Temple
  2113 | Temple   | Became a worshipper of Warmaster Okawaru
  2171 | D:4      | Noticed a black bear
  2194 | D:4      | Killed a black bear
  2195 | D:4      | Reached skill level 1 in Short Blades
  2195 | D:4      | Reached skill level 1 in Shields
  2195 | D:4      | Reached skill level 1 in Invocations
  2198 | D:4      | Found a hazy altar of Hepliaklqana.
  2200 | D:4      | Found a shadowy altar of Dithmenos.
  2200 | D:4      | Noticed a shadow
  2249 | D:4      | Reached XP level 6. HP: 27/36 MP: 6/6
  2277 | D:4      | Noticed Sigmund
  2304 | D:4      | HP: 1/36 [Sigmund/+0 scythe (3)]
  2307 | D:4      | Killed Sigmund
  2307 | D:4      | Reached * piety under Okawaru
  2463 | D:4      | Reached skill level 1 in Evocations
  2463 | D:4      | Reached XP level 7. HP: 33/41 MP: 8/8
  2562 | D:4      | Reached skill level 2 in Invocations
  2920 | D:5      | Entered Level 5 of the Dungeon
  2968 | D:5      | Reached ** piety under Okawaru
  3069 | D:5      | Reached skill level 1 in Axes
  3174 | D:5      | Reached skill level 3 in Invocations
  3179 | D:5      | Reached XP level 8. HP: 34/46 MP: 10/10
  3438 | D:6      | Noticed Dowan
  3440 | D:6      | Noticed Duvessa
  3460 | D:6      | Killed Duvessa
  3467 | D:6      | Killed Dowan
  3630 | D:6      | Reached *** piety under Okawaru
  3664 | D:6      | Found a shimmering altar of Xom.
  4050 | D:7      | Reached skill level 4 in Invocations
  4079 | D:7      | HP: 1/48 [ogre/+0 giant club (17)]
  4081 | D:7      | Reached XP level 9. HP: 3/52 MP: 0/12
  4266 | D:7      | Found a sand-covered staircase.
  4291 | Ossuary  | Entered an ossuary
  4329 | Ossuary  | Reached skill level 5 in Maces & Flails
  4510 | Ossuary  | Reached **** piety under Okawaru
  4584 | Ossuary  | Reached skill level 5 in Shields
  4752 | Ossuary  | Reached skill level 5 in Invocations
  5322 | D:7      | Noticed a two-headed ogre
  5339 | D:7      | Killed a two-headed ogre
  5339 | D:7      | Reached ***** piety under Okawaru
  5340 | D:7      | Reached skill level 5 in Fighting
  5340 | D:7      | Reached XP level 10. HP: 55/59 MP: 14/14
  5527 | D:8      | Reached skill level 5 in Evocations
  6021 | D:8      | Reached skill level 6 in Invocations
  6037 | D:8      | Found a staircase to the Lair.
  6126 | D:8      | Reached skill level 5 in Axes
  6160 | D:8      | Found Izo Qiri's Assorted Antiques.
  6180 | D:8      | Bought a sedimented brown potion for 26 gold pieces
  6180 | D:8      | Bought a curved iron wand for 116 gold pieces
  6353 | D:8      | Received a gift from Okawaru
  6547 | D:8      | Reached XP level 11. HP: 55/64 MP: 16/16
  6800 | D:8      | Reached skill level 7 in Invocations
  7102 | D:9      | Reached skill level 5 in Dodging
  7206 | D:9      | Noticed Maurice
  7218 | D:9      | Killed Maurice
  7987 | D:10     | Entered Level 10 of the Dungeon
  8008 | D:10     | Noticed a two-headed ogre
  8034 | D:10     | Killed a two-headed ogre
  8316 | D:10     | Noticed Snorg
  8332 | D:10     | Killed Snorg
  8332 | D:10     | Received a gift from Okawaru
  8344 | D:10     | Found a shimmering blue altar of Sif Muna.
  8501 | Lair:1   | Entered Level 1 of the Lair of Beasts
  8749 | Lair:1   | Identified the +0 ring mail of the Pink Corner {Int+4}
                  | (Okawaru gifted it to you on level 1 of the Lair of Beasts)
  8749 | Lair:1   | Received a gift from Okawaru
  8805 | Lair:1   | Reached skill level 8 in Invocations
  8962 | Lair:1   | Reached XP level 12. HP: 71/71 MP: 18/18
  9282 | Lair:2   | Noticed Amaemon
  9284 | Lair:2   | Paralysed by Amaemon for 3 turns
  9311 | Lair:2   | Killed Amaemon
  9339 | Lair:2   | Noticed a death yak
  9339 | Lair:2   | Noticed a death yak
  9341 | Lair:2   | Noticed a death yak
  9360 | Lair:2   | Killed a death yak
  9374 | Lair:2   | Killed a death yak
  9388 | Lair:2   | Killed a death yak
  9456 | Lair:2   | Reached skill level 5 in Throwing
  9729 | Lair:2   | Found an ornate altar of the Wu Jian Council.
  9788 | Lair:2   | Received a gift from Okawaru
  9855 | Lair:2   | Noticed a five-headed hydra
  9867 | Lair:2   | Killed a one-headed hydra
  9933 | Lair:2   | Received a gift from Okawaru
  9938 | Lair:2   | Reached skill level 9 in Invocations
 10099 | Lair:3   | Found a staircase to the Snake Pit.
 10172 | Lair:3   | Found a staircase to the Swamp.
 10235 | Lair:3   | Found the +10 zealot's sword {holy, Zealotry, *Rage rN+
                  | EV+3}
 10292 | Lair:3   | Reached XP level 13. HP: 78/78 MP: 19/19
 10434 | Lair:3   | Reached skill level 1 in Long Blades
 11175 | Lair:4   | Received a gift from Okawaru
 11368 | Lair:4   | Received a gift from Okawaru
 11479 | Lair:4   | Reached skill level 10 in Invocations
 11517 | Lair:4   | Received a gift from Okawaru
 11572 | Lair:4   | Identified the +7 chain mail "Rohunal" {rC- Str+2 Dex+3}
                  | (Okawaru gifted it to you on level 4 of the Lair of Beasts)
 11572 | Lair:4   | Received a gift from Okawaru
 11612 | Lair:4   | Reached skill level 5 in Armour
 11612 | Lair:4   | Reached skill level 10 in Shields
 11959 | Lair:5   | Entered Level 5 of the Lair of Beasts
 12081 | Lair:5   | Reached ****** piety under Okawaru
 12084 | Lair:5   | Found a staircase to the Slime Pits.
 12240 | Lair:5   | Gained mutation: Your large and strong wings let you fly.
                  | [Gargoyle growth]
 12240 | Lair:5   | Reached XP level 14. HP: 83/84 MP: 21/21
 12448 | Lair:5   | Received a gift from Okawaru
 13557 | D:10     | Reached skill level 11 in Invocations
 13974 | D:12     | Received a gift from Okawaru
 14115 | D:12     | Found a frozen archway.
 14138 | IceCv    | Entered an ice cave
 14195 | IceCv    | Found the ring of the Tortoise {AC+8}
 14326 | IceCv    | Noticed a white draconian
 14353 | IceCv    | Killed a white draconian
 14404 | IceCv    | Identified the ring of Omumul {*Corrode rC+ Int+5 Dex+2
                  | Stlth+}
 14599 | D:12     | Noticed Rupert
 14602 | D:12     | Paralysed by Rupert for 3 turns
 14617 | D:12     | Killed Rupert
 15087 | D:12     | Reached skill level 5 in Long Blades
 15090 | D:12     | Identified the +7 mace "Nemor" {heavy, +Blink rElec}
                  | (Okawaru gifted it to you on level 12 of the Dungeon)
 15090 | D:12     | Received a gift from Okawaru
 15339 | D:13     | Got the Verses on Mutagenic Frost
 15572 | D:13     | Identified the +1 robe of the Marlin {-Tele rN+ Dex+3}
 15798 | D:14     | Reached XP level 15. HP: 56/90 MP: 12/23
 16110 | D:14     | Identified the +0 plate armour "Zawumargh" {Harm rC- Str+2
                  | Dex+3} (Okawaru gifted it to you on level 14 of the
                  | Dungeon)
 16110 | D:14     | Received a gift from Okawaru
 16152 | D:14     | Found a hide-covered altar of Uskayaw.
 16356 | D:14     | Found a runed translucent door.
 16357 | D:14     | Found a shimmering altar of Xom.
 16357 | D:14     | Noticed Gocli Elad's ghost (journeyman OgCA)
 16378 | D:14     | Killed Gocli Elad's ghost
 16460 | D:14     | Reached skill level 12 in Invocations
 16593 | D:14     | Reached skill level 10 in Evocations
 16879 | Snake:1  | Entered Level 1 of the Snake Pit
 16940 | Snake:1  | Identified the ring of Enowk {Ice Int+5}
 17259 | Snake:1  | Found a glowing silver altar of Zin.
 17274 | Snake:1  | Noticed Nikola
 17282 | Arena    | Entered the Arena
 17306 | Arena    | Killed Nikola
 17321 | Snake:1  | Noticed Donald
 17323 | Snake:1  | Received a gift from Okawaru
 17346 | Snake:1  | Killed Donald
 17346 | Snake:1  | Received a gift from Okawaru
 17551 | Snake:1  | Identified the +4 morningstar of the Wasp {holy, *Rage rC+
                  | Will+++ Str+4} (Okawaru gifted it to you on level 1 of the
                  | Snake Pit)
 17551 | Snake:1  | Received a gift from Okawaru
 17668 | Snake:1  | Found Ygoulout's Armour Shoppe.
 17670 | Snake:1  | Found Cymmoo's Distillery.
 17672 | Snake:1  | Found Suyxaint's Antique Weapon Shoppe.
 18165 | D:11     | Reached XP level 16. HP: 96/96 MP: 15/25
 18200 | D:11     | Found a staircase to the Orcish Mines.
 18240 | Orc:1    | Entered Level 1 of the Orcish Mines
 18486 | Orc:2    | Entered Level 2 of the Orcish Mines
 18486 | Orc:2    | Noticed Josephine
 18677 | Orc:1    | Killed Josephine
 18683 | Orc:1    | Reached skill level 10 in Axes
 18817 | Orc:2    | Found a staircase to the Elven Halls.
 18819 | Orc:2    | Identified the +0 tower shield "Hiazula" {Int+5} (Okawaru
                  | gifted it to you on level 2 of the Orcish Mines)
 18819 | Orc:2    | Received a gift from Okawaru
 18831 | Orc:2    | Reached skill level 13 in Invocations
 18884 | Orc:2    | Paralysed by something for 4 turns
 18895 | Orc:2    | Paralysed by something for 4 turns
 19244 | Orc:2    | Found Jigu's Antique Armour Emporium.
 19268 | Orc:2    | Found Lifoc's Assorted Antiques.
 19268 | Orc:2    | Found Itoejit's Antique Weapon Shop.
 19268 | Orc:2    | Found Fiots's General Store.
 19309 | Orc:2    | Bought a pair of glowing gloves for 187 gold pieces
 19309 | Orc:2    | Bought a crude chain mail for 237 gold pieces
 19309 | Orc:2    | Identified the +3 chain mail of the Game of Life {Fly rPois
                  | rN++ Dex-5} (You bought it in a shop on level 2 of the
                  | Orcish Mines)
 19351 | Orc:2    | Bought a scroll labelled FOQEFA DOBLIOG for 41 gold pieces
 19352 | Orc:2    | Bought a scroll of enchant weapon for 112 gold pieces
 19352 | Orc:2    | Bought a scroll of enchant weapon for 112 gold pieces
 19621 | Swamp:1  | Entered Level 1 of the Swamp
 19794 | Swamp:1  | Noticed a thorn hunter
 19809 | Swamp:1  | Killed a thorn hunter
 19810 | Swamp:1  | Reached skill level 10 in Fighting
 19963 | Snake:2  | Identified the +1 robe "Nakhlulo" {Str+2}
 20326 | Snake:2  | Received a gift from Okawaru
 20853 | Snake:2  | Reached XP level 17. HP: 101/103 MP: 27/27
 21336 | Snake:3  | Received a gift from Okawaru
 21641 | Snake:3  | Received a gift from Okawaru
 21830 | Snake:3  | Found a runed translucent door.
 22025 | Snake:3  | Received a gift from Okawaru
 22044 | Snake:3  | Reached skill level 14 in Invocations
 22707 | D:15     | Entered Level 15 of the Dungeon
 22708 | D:15     | Found a transporter.
 22708 | D:15     | Found a transporter.
 22710 | D:15     | Found a broken altar of Ashenzari.
 22749 | D:15     | Found a gate leading to a gauntlet.
 22774 | Gauntlet | Entered a Gauntlet
 22774 | Gauntlet | Found a transporter.
 22774 | Gauntlet | Found a transporter.
 22774 | Gauntlet | Found a large runed translucent door.
 22774 | Gauntlet | Found a large runed translucent door.
 22774 | Gauntlet | Found a large runed translucent door.
 22774 | Gauntlet | Found a large runed translucent door.
 22774 | Gauntlet | Found a large runed translucent door.
 22774 | Gauntlet | Found a large runed translucent door.
 22774 | Gauntlet | Found a runed translucent door.
 22774 | Gauntlet | Found a runed translucent door.
 22774 | Gauntlet | Found a large runed translucent door.
 22774 | Gauntlet | Found a large runed translucent door.
 22774 | Gauntlet | Found a large runed translucent door.
 22774 | Gauntlet | Found a large runed translucent door.
 22774 | Gauntlet | Found a large runed translucent door.
 22774 | Gauntlet | Found a large runed translucent door.
 22779 | Gauntlet | Found a transporter.
 22795 | Gauntlet | Found a transporter.
 22812 | Gauntlet | Found a transporter.
 22826 | Gauntlet | Found a transporter.
 22831 | Gauntlet | Found the +2 cloak of the Thief {*Fog Slay-2 SInv Stlth+}
 22845 | Gauntlet | Found a transporter.
 22914 | Gauntlet | Found a large runed translucent door.
 22914 | Gauntlet | Found a large runed translucent door.
 22921 | Gauntlet | Found a transporter.
 22949 | Gauntlet | Identified the ring of Miuwe {rPois Will+}
 22983 | Gauntlet | Found a transporter.
 22996 | Gauntlet | Received a gift from Okawaru
 23075 | Gauntlet | Found a transporter.
 23083 | Gauntlet | Identified the +0 pair of boots "Duocaba" {Contam rPois
                  | Int+7 Dex-3}
 23098 | Gauntlet | Identified the +1 scale mail "Duedacir" {+Blink +Inv rN+++
                  | Str-5}
 23098 | Gauntlet | Identified the +0 kite shield of Lethargy {rF+}
 23133 | Gauntlet | Identified the +1 pair of boots of Whack-A-Mole {Harm}
 23134 | Gauntlet | Got the Elucidation of the Goat
 23140 | Gauntlet | Got the Volume of Interference
 23603 | D:15     | Found a staircase to the Depths.
 23797 | D:15     | Noticed MuffinSoup's ghost (journeyman OpHW)
 24051 | D:15     | Received a gift from Okawaru
 24515 | Snake:4  | Entered Level 4 of the Snake Pit
 24773 | Snake:3  | Reached XP level 18. HP: 110/110 MP: 28/28
 25160 | Snake:4  | Found Bujod's Book Shoppe.
 25223 | Snake:4  | Found Tesorgh's Jewellery Shop.
 25224 | Snake:4  | Found Dijumula's Book Shoppe.
 25388 | Snake:4  | Identified the +10 broad axe of the Endless March {flame,
                  | MP+9} (Okawaru gifted it to you on level 4 of the Snake
                  | Pit)
 25388 | Snake:4  | Received a gift from Okawaru
 25567 | Snake:4  | Got a serpentine rune of Zot
 25815 | Snake:4  | Found Soll's Magic Scroll Shop.
 25818 | Snake:4  | Bought a scroll of enchant weapon for 112 gold pieces
 25818 | Snake:4  | Bought a scroll of enchant weapon for 112 gold pieces
 26097 | Swamp:1  | Noticed Frances
 26113 | Swamp:1  | Killed Frances
 26301 | Swamp:1  | Noticed Kirke
 26316 | Swamp:1  | Killed Kirke
 26384 | Swamp:1  | Received a gift from Okawaru
 26570 | Swamp:2  | Received a gift from Okawaru
 26570 | Swamp:2  | Found the +8 orange crystal plate armour {Archmagi, Int+3
                  | Clar}
 26647 | Swamp:2  | Found a transporter.
 26667 | Swamp:2  | Reached skill level 15 in Invocations
 26680 | Swamp:2  | Noticed a tentacled monstrosity
 27130 | Swamp:2  | Found a transporter.
 27506 | Swamp:3  | Found a transporter.
 27508 | Swamp:3  | Found a transporter.
 27544 | Swamp:3  | Noticed Zoplopp's ghost (journeyman MiBe)
 27560 | Swamp:3  | Reached XP level 19. HP: 116/116 MP: 30/30
 27716 | Swamp:3  | Found a sacrificial altar of Ru.
 28043 | Swamp:4  | Entered Level 4 of the Swamp
 28152 | Swamp:4  | Noticed a tentacled monstrosity
 28163 | Swamp:4  | Killed a tentacled monstrosity
 28314 | Swamp:4  | Received a gift from Okawaru
 28325 | Swamp:4  | Killed from afar by a bog body

Illustrated notes

Levels and vault maps discovered:
D:1:      ebering_trefoil_3fold, layout_basic, st_stairs_14, serial_bayou_ford_a
D:2:      layout_basic, hangedman_decor_growths, minmay_close_crescents
D:3:      layout_rooms, mainiacjoe_overflow_concentric_impassable,
          mainiacjoe_overflow_paths, shapermc_ecumenical_altar_acropolis,
          chequers_serial_rivers_micro_b
D:4:      layout_basic, riverfiend_overflow_shadow_ancestor,
          minmay_temple_entry_glass, uniq_sigmund
D:5:      layout_gridville
D:6:      layout_basic, xom_teletrap_fun, uniq_duvessa
D:7:      layout_loops_ring, enter_ossuary_3, roderic_batcave
D:8:      layout_layer_cave, minmay_lair_entry_grove, serial_shops,
          nicolae_lakefront_shop, serial_ice, serial_ice_o, serial_ice_d,
          serial_ice_k, serial_ice_a
D:9:      layout_loops_ring, nicolae_wwwww, uniq_maurice
D:10:     layout_irregular_city, led_sif_pool, uniq_snorg
D:11:     layout_basic, zombieorc2_lemuel, chequers_garden
D:12:     layout_basic, portal_ice_cave_entry_imps,
          chequers_serial_rivers_micro_e, minivault_28, uniq_rupert
D:13:     layout_basic, lightli_vaults_fourway_checkpoint, serial_corexii_hall,
          chequers_hall_statues_wall_a, chequers_hall_statues_wall_a
D:14:     layout_irregular_city, nicolae_uskayaw_dance_hall, ebering_ghost_xom,
          grunt_ministairs_12
D:15:     grunt_enter_depths_magical_seal, layout_basic, gauntlet_entry_generic,
          ashenzari_conservatory_becter, gammafunk_ghost_smash
Temple:   nicolae_temple_elliptical
Lair:1:   layout_big_grid, serial_bayou_pond_a
Lair:2:   layout_gridlike, basic_altar, uniq_amaemon
Lair:3:   layout_small_grid, swamp_mist, minmay_snake_entry_six_corridors,
          worms_lemuel, serial_bayou_shore_a
Lair:4:   layout_gridlike, nzn_random_ring, infiniplex_staircase_pool_2
Lair:5:   minmay_lair_end_enchanted_forest, layout_misc_corridors,
          dpeg_slime_entry_enclosed
Swamp:1:  layout_basic_swamp, evilmike_swamp_ruin_wall, swamp_pool2,
          nicolae_swamp_very_dense_foliage, infiniplex_staircase_pool,
          uniq_kirke, uniq_frances
Swamp:2:  gammafunk_sealed_arena, layout_basic_swamp, hangedman_swamp_ruin_wall
Swamp:3:  layout_falls_marsh, gammafunk_ghost_abyssal_escape, basic_altar,
          swamp_pool5, nicolae_swamp_stuck_in_the_mud
Swamp:4:  swamp_pestilence, layout_basic_swamp
Snake:1:  layout_grid_maze, basic_altar, nicolae_snake_guarding_the_ruins,
          minmay_shop_star, uniq_donald, uniq_nikola
Snake:2:  layout_honeycomb
Snake:3:  layout_gridlike, lightli_airlock
Snake:4:  grunt_snake_rune_pools, layout_onion_interference, serial_shops,
          nicolae_shop_rolled_up, guppyfry_snake_island, minmay_shop_grove
Orc:1:    layout_caves, serial_shops, nicolae_orc_sculptors_studio
Orc:2:    st_orc_ogre_mass, layout_caves, basic_altar, nicolae_orc_tapped_out,
          uniq_josephine

Skill      XL: |  1  2  3  4  5  6  7  8  9 10 11 12 13 14 15 16 17 18 19 |
---------------+----------------------------------------------------------+-----
Armour         | 1 2 3 4 5 6 |  6.2
Stealth        | 1 2 3 4 |  4.8
Maces & Flails | 4 5 6 7 8 |  8.3
Dodging        | 3 4 5 6 7 8 9 |  9.2
Short Blades   | 1 |  1.4
Shields        | 1 2 4 5 7 8 9 10 11 12 13 14 | 14.2
Invocations    | 1 3 4 5 6 8 9 10 11 12 13 14 15 | 15.3
Fighting       | 3 5 6 7 8 9 10 11 12 | 12.1
Throwing       | 2 4 5 6 7 8 |  8.0
Evocations     | 1 2 3 4 5 6 7 8 9 10 11 12 13 | 13.0
Axes           | 1 3 4 5 6 7 8 9 11 12 13 | 13.5
Long Blades    | 4 5 6 7 |  7.2

Action                     |  1- 3 |  4- 6 |  7- 9 | 10-12 | 13-15 | 16-18 | 19-21 || total
---------------------------+-------+-------+-------+-------+-------+-------+-------++-------
  Melee: Flail             |   117 |   175 |    21 |       |       |       |       ||   313
         Punch             |     1 |       |       |       |       |       |       ||     1
         Dagger            |       |    40 |    43 |     1 |       |       |       ||    84
         Hand axe          |       |       |   435 |   607 |    55 |       |       ||  1097
         Whip              |       |       |   260 |   106 |       |       |       ||   366
         War axe           |       |       |       |   363 |   533 |  1323 |       ||  2219
         Unarmed           |       |       |       |     5 |       |       |       ||     5
         Demon whip        |       |       |       |   136 |   366 |   172 |    18 ||   692
         Eudemon blade     |       |       |       |     4 |   418 |   180 |    42 ||   644
         Broad axe         |       |       |       |       |   195 |   218 |    83 ||   496
         Mace              |       |       |       |       |    23 |       |       ||    23
  Throw: Stone             |       |    14 |    39 |     1 |       |       |       ||    54
         Dart              |       |     1 |    28 |    66 |    39 |    93 |    32 ||   259
         Boomerang         |       |       |     4 |    30 |   112 |   203 |       ||   349
         Javelin           |       |       |       |       |    10 |    12 |       ||    22
 Invoke: Heroism           |       |       |     2 |    12 |     6 |     7 |       ||    27
         Finesse           |       |       |       |     3 |     1 |     2 |       ||     6
         Duel              |       |       |       |       |     1 |       |       ||     1
  Evoke: Wand              |       |       |     1 |     9 |    26 |    19 |     3 ||    58
         Phial of floods   |       |       |       |       |     1 |       |       ||     1
         Lightning rod     |       |       |       |       |       |     1 |       ||     1
    Use: Scroll            |     2 |       |     2 |     3 |    17 |    14 |     1 ||    39
         Potion            |     1 |       |     2 |     1 |     1 |     1 |     1 ||     7
   Stab: Sleeping          |     1 |     2 |     2 |     5 |     7 |     4 |     4 ||    25
         Distracted        |       |       |     1 |     1 |       |       |       ||     2
         Paralysed         |       |       |     9 |     9 |       |       |       ||    18
         Invisible         |       |       |       |     1 |     1 |     1 |       ||     3
 Armour: Leather armour    |    51 |   102 |    90 |       |       |       |       ||   243
         Scale mail        |       |       |   182 |   352 |       |       |       ||   534
         Troll leather arm |       |       |       |   219 |   862 |  1058 |   107 ||  2246
         Crystal plate arm |       |       |       |       |       |    30 |       ||    30
  Dodge: Dodged            |    67 |    69 |   208 |   518 |   661 |   999 |    58 ||  2580
  Block: Tower shield      |    29 |   125 |   509 |  1178 |  1411 |       |       ||  3252
         Kite shield       |       |       |       |       |    47 |  1332 |   101 ||  1480
         Reflection        |       |       |       |       |       |   105 |     1 ||   106
